[Event "Early-Titled-Tuesday-Blitz-October-03-2023"]
[Site "Chess.com"]
[Date "2023.10.03"]
[Round "2"]
[White "Zurability"]
[Black "koncheto"]
[Result "0-1"]
[WhiteElo "2721"]
[BlackElo "2534"]
[TimeControl "180+1"]
[EndTime "8:17:19 PDT"]
[Termination "koncheto won on time"]

1. Nf3 Nf6 2. g3 b6 3. Bg2 Bb7 4. O-O c5 5. c4 d5 6. Ne5 Qc7 7. d4 dxc4 8. Bxb7 Qxb7 9. dxc5 b5 10. a4 a6 11. axb5 axb5 12. Rxa8 Qxa8 13. b3 e6 14.
bxc4 bxc4 15. Ba3 Nbd7 16. Nxc4 Bxc5 17. Bxc5 Nxc5 18. Qd6 Nce4 19. Qb4 Nd5 20. Qb5+ Ke7 21. Ne5 Rc8 22. Qd7+ Kf6 23. Ng4+ Kg6 24. h4 Rc7 25. Ne5+ Kh5 26. Qb5 Nec3 27. Qd3 Kh6 28. Qf3 g6 29. Ng4+ Kg7 30. Nxc3 Nxc3 31. Qe4 Qxe4 0-1

[Event "Early-Titled-Tuesday-Blitz-October-03-2023"]
[Site "Chess.com"]
[Date "2023.10.03"]
[Round "2"]
[White "Roman_Ovetchkin"]
[Black "arenal72"]
[Result "1-0"]
[WhiteElo "2703"]
[BlackElo "2356"]
[TimeControl "180+1"]
[EndTime "8:17:20 PDT"]
[Termination "Roman_Ovetchkin won on time"]

1. d4 d6 2. e4 Nf6 3. Nc3 e5 4. Nf3 exd4 5. Nxd4 Be7 6. Bc4 O-O 7. O-O c6 8. a4 d5 9. exd5 cxd5 10. Be2 Nc6 11. Be3 Re8 12. h3 h6 13. Re1 Bd7 14. Bf3 Nb4 15.
Nce2 Qc7 16. c3 Nc6 17. Nb5 Qc8 18. Bf4 Bxh3 19. gxh3 Qxh3 20. Bg2 Qf5 21. Nc7 Bc5 22. Nxe8 Ng4 23. Rf1 Rxe8 24. Bg3 Qh5 25. b4 Bxf2+ 26.
Rxf2 Nxf2 27. Kxf2 Ne7 28. Nf4 Qg5 29. Qe2 Kf8 30. Re1 Rc8 31. Qd3 Nf5 32. Bh2 Rc4 33.
Nxd5 Nh4 34. Be4 1-0

[Event "Early-Titled-Tuesday-Blitz-October-03-2023"]
[Site "Chess.com"]
[Date "2023.10.03"]
[Round "2"]
[White "lluiss"]
[Black "santosalberto1987"]
[Result "0-1"]
[WhiteElo "2219"]
[BlackElo "2474"]
[TimeControl "180+1"]
[EndTime "8:17:20 PDT"]
[Termination "santosalberto1987 won by resignation"]

1. e4 e6 2. d4 d5 3. e5 c5 4. Nf3 Nc6 5. dxc5 Bxc5 6. Bd3 Nge7 7. Qe2 Nb4 8. Bg5 Nxd3+ 9. Qxd3 Qb6 10. O-O Bd7 11. Bxe7 Bxe7 12. Qb3 Qxb3 13. axb3 a6 14.
c3 Bb5 15. Re1 Bd3 16. Re3 Bxb1 17. Rxb1 O-O 18. b4 Rfc8 19. Nd4 Bd8 20. Ree1 Bb6 21. Nb3 Rc4 22. g3 g5 23. h3 Rac8 24. Nd2 R4c7 25. Nf3 h6 26. Kg2 Kg7 27. Rh1 Rc4 28. Nd2 R4c7 29.
g4 f6 30. h4 fxe5 31. hxg5 hxg5 32. Rh5 Rh8 33. Rbh1 Rxh5 34. Rxh5 Kf6 35. Nf3 e4 36. Nxg5 Rg7 37. f4 exf3+ 38. Nxf3 Rxg4+ 39. Kh3 Re4 40. Rh7 Re2 41. Rxb7 Be3 42. b5 Rxb2 43. bxa6 Ra2 44. a7 Rxa7 45. Rxa7 Bxa7 46. Kg4 Bb6 47. Kf4 Ba5 48. Kg4 Bxc3 0-1

[Event "Early-Titled-Tuesday-Blitz-October-03-2023"]
[Site "Chess.com"]
[Date "2023.10.03"]
[Round "2"]
[White "falzehope0"]
[Black "Korchmar_Vasiliy"]
[Result "1-0"]
[WhiteElo "2365"]
[BlackElo "2679"]
[TimeControl "180+1"]
[EndTime "8:17:21 PDT"]
[Termination "falzehope0 won by checkmate"]

1. d4 Nf6 2. e3 d5 3. Bd3 g6 4. f4 c5 5. c3 Bg7 6. Nf3 O-O 7. O-O b6 8. Nbd2 Ba6 9. Bxa6 Nxa6 10. Ne5 Nc7 11.
Qf3 Nce8 12. g4 Nd6 13. Nd3 Nfe4 14. Nf2 f5 15. gxf5 gxf5 16. Ndxe4 fxe4 17. Qh5 Nf5 18.
Kh1 cxd4 19. exd4 e6 20. Rg1 Kh8 21. Nh3 Qe7 22. Ng5 Bf6 23. Bd2 e3 24. Be1 Bxg5 25.
fxg5 Qg7 26. Bg3 Qg6 27. Be5+ Kg8 28. Qg4 Rf7 29. h4 Ng7 30. Raf1 Raf8 31. Bf6 Qd3 32. h5 Nf5 33. Re1 b5 34. Be5 a5 35. g6 Re7 36.
gxh7+ Kxh7 37. Qg6# 1-0

[Event "Early-Titled-Tuesday-Blitz-October-03-2023"]
[Site "Chess.com"]
[Date "2023.10.03"]
[Round "2"]
[White "brm72"]
[Black "drdaro"]
[Result "1-0"]
[WhiteElo "2503"]
[BlackElo "2256"]
[TimeControl "180+1"]
[EndTime "8:17:21 PDT"]
[Termination "brm72 won by resignation"]

1. e4 g6 2. d4 Bg7 3. Nf3 d6 4. Bc4 a6 5. a4 c6 6. O-O Nf6 7.
Qe2 O-O 8. e5 Nd5 9. Bxd5 cxd5 10. h3 Nc6 11. c3 Qc7 12. Bf4 dxe5 13. Nxe5 Nxe5 14. Bxe5 Bxe5 15. dxe5 Bd7 16. Nd2 b5 17. Qf3 Qxe5 18. Rfe1 Qd6 19. axb5 axb5 20. Nf1 e5 21. Ne3 Bc6 22. Ng4 e4 23. Qe3 f5 24. Nh2 Rfd8 25.
Qd4 Kf7 26. Red1 Qf6 27. Qc5 g5 28. Nf1 f4 29. Nd2 Qd6 30. Qd4 Qf6 31. Qc5 f3 32. Nb3 fxg2 33. Nd4 Rac8 34. Ra7+ Kg8 35. Qb6 Rf8 36. Nxc6 Qxf2+ 37. Qxf2 1-0

[Event "Early-Titled-Tuesday-Blitz-October-03-2023"]
[Site "Chess.com"]
[Date "2023.10.03"]
[Round "2"]
[White "Grischuk"]
[Black "KononenkoD"]
[Result "1-0"]
[WhiteElo "3010"]
[BlackElo "2625"]
[TimeControl "180+1"]
[EndTime "8:17:22 PDT"]
[Termination "Grischuk won by resignation"]

1. Nf3 c5 2. e3 Nc6 3. d4 cxd4 4. exd4 d5 5. Bb5 Nf6 6. O-O Bg4 7. c4 Bxf3 8. Qxf3 e6 9. Nc3 a6 10. cxd5 Nxd5 11.
Bxc6+ bxc6 12. Bf4 Bd6 13. Bxd6 Qxd6 14. Rfd1 O-O 15.
Na4 Rab8 16. Rac1 Rb4 17. b3 Rd8 18. a3 Rb5 19. Nc5 a5 20. g3 g6 21. Rc4 h5 22. h4 Kg7 23. Rdc1 Ne7 24. a4 Rb4 25. Rxb4 axb4 26. Nb7 Qd5 27. Qxd5 Rxd5 28. Rc4 Nf5 29. Rxb4 Nxd4 30. Rb6 Ne2+ 31. Kf1 Nc1 32. a5 Rd1+ 33.
Kg2 Rd2 34. Nc5 Ra2 35. a6 e5 36. Rb4 Rd2 37. a7 1-0

[Event "Early-Titled-Tuesday-Blitz-October-03-2023"]
[Site "Chess.com"]
[Date "2023.10.03"]
[Round "2"]
[White "KorolDimitriy75"]
[Black "QuintilianoR"]
[Result "1-0"]
[WhiteElo "2398"]
[BlackElo "2655"]
[TimeControl "180+1"]
[EndTime "8:17:22 PDT"]
[Termination "KorolDimitriy75 won by checkmate"]

1. d4 d5 2. c4 e6 3. Nc3 Nf6 4. Bg5 Be7 5. cxd5 exd5 6. e3 c6 7. Bd3 Nbd7 8. Qc2 Nh5 9. Bxe7 Qxe7 10. Nge2 g6 11. h3 Nb6 12. O-O O-O 13. Rae1 Be6 14.
f3 c5 15. dxc5 Qxc5 16. Nd4 Rac8 17. Qf2 Bd7 18. f4 Rfe8 19. f5 Rf8 20. Qh4 Qd6 21. Rf3 Qf6 22. Qf2 Qe5 23. Rf1 Qe7 24. g4 Nf6 25. fxg6 fxg6 26. Rxf6 Rxf6 27. Qxf6 Qxe3+ 28. Rf2 Qxd3 29. Ne6 Bxe6 30. Qxe6+ Kh8 31. Qf6+ Kg8 32.
Qf7+ Kh8 33. Qf6+ Kg8 34. Qe6+ Kh8 35. Rf7 Qd4+ 36. Kg2 Rg8 37. Qe7 Qd2+ 38. Kg3 Qh6 39.
Qf6+ Rg7 40. Rf8# 1-0

[Event "Early-Titled-Tuesday-Blitz-October-03-2023"]
[Site "Chess.com"]
[Date "2023.10.03"]
[Round "2"]
[White "emeli_chess"]
[Black "Zavgorodniy_Sergiy"]
[Result "0-1"]
[WhiteElo "2355"]
[BlackElo "2604"]
[TimeControl "180+1"]
[EndTime "8:17:22 PDT"]
[Termination "Zavgorodniy_Sergiy won by resignation"]

1. d4 Nf6 2. c4 e6 3. Nc3 Bb4 4. Qc2 Nc6 5. Nf3 d6 6. e4 e5 7. d5 Bxc3+ 8. Qxc3 Ne7 9. Bd3 h6 10. h3 O-O 11. Be3 Ng6 12. Qd2 c5 13. a3 Nh5 14.
O-O-O Nhf4 15. Rdg1 Nxd3+ 16. Qxd3 b5 17. g4 bxc4 18.
Qxc4 Rb8 19. g5 h5 20. h4 Qc7 21. Rd1 Bd7 22. Rd2 Rb7 23. Kb1 Rfb8 24. Ka1 Qa5 25. Rc1 Ne7 26. Nxe5 dxe5 27. Qxc5 Qxc5 28. Rxc5 Ng6 29. Ra5 Nxh4 30. f4 Nf3 31. Rc2 Nd4 32.
Bxd4 exd4 33. f5 h4 34. Rac5 h3 35. Rh2 g6 36. f6 Rb3 37. Rcc2 Bg4 38. Rcd2 d3 39. e5 a5 40. e6 fxe6 41. dxe6 Bxe6 42. Rhf2 Kf7 43. Rf4 Rh8 44. Rff2 Bg4 0-1

[Event "Early-Titled-Tuesday-Blitz-October-03-2023"]
[Site "Chess.com"]
[Date "2023.10.03"]
[Round "2"]
[White "jucAxx"]
[Black "AttilaTurzo"]
[Result "0-1"]
[WhiteElo "2210"]
[BlackElo "2471"]
[TimeControl "180+1"]
[EndTime "8:17:23 PDT"]
[Termination "AttilaTurzo won by resignation"]

1. e4 c5 2. c3 Nf6 3. e5 Nd5 4. d4 d6 5. Nf3 cxd4 6. cxd4 Nc6 7. Bc4 dxe5 8. dxe5 Nb6 9. Qxd8+ Nxd8 10. Bb5+ Bd7 11.
Bxd7+ Nxd7 12. Nc3 e6 13. O-O a6 14. Rd1 Nc6 15. Bf4 Be7 16. Ne4 h6 17. Nd6+ Bxd6 18. Rxd6 O-O-O 19. Rc1 Kb8 20. h4 Nb6 21. Rdd1 Nd5 22.
Bg3 Ndb4 23. a3 Nd3 24. Rc3 Nxb2 25. Rb1 Na4 26. Rxc6 Rd3 27. Rd6 Rd8 28. Rb4 Nc5 29.
Rxd3 Rxd3 30. Rd4 Rxa3 31. Nd2 Ra1+ 32. Kh2 Rd1 33. Nb3 Rxd4 34. Nxd4 b5 35. f4 b4 36. Be1 b3 37. Bb4 b2 38. Bxc5 b1=Q 39. Bd6+ Kb7 40. Nf3 Qe4 41. Kg3 a5 42. Kg4 a4 43. Nd2 Qxg2+ 0-1

[Event "Early-Titled-Tuesday-Blitz-October-03-2023"]
[Site "Chess.com"]
[Date "2023.10.03"]
[Round "2"]
[White "Rutricks"]
[Black "marik_spb"]
[Result "1-0"]
[WhiteElo "2677"]
[BlackElo "2383"]
[TimeControl "180+1"]
[EndTime "8:17:24 PDT"]
[Termination "Rutricks won by resignation"]

1. b3 Nf6 2. Bb2 g6 3. g3 Bg7 4. Bg2 O-O 5. Nf3 d5 6. O-O c5 7. e3 Nc6 8. Qe2 Bf5 9. d3 Qd7 10. Re1 Bh3 11. Bh1 Rae8 12. Ng5 Bg4 13. f3 h6 14.
fxg4 hxg5 15. h3 e5 16. Nd2 e4 17. dxe4 Nxe4 18. Bxg7 Kxg7 19. Nxe4 dxe4 20. Rad1 Qe6 21. Qb5 b6 22. Rd2 Nb4 23. a3 Nd5 24. Qc4 Nf6 25. Qxe6 Rxe6 26. Red1 Rfe8 27. Bg2 Kf8 28. Bf1 Ke7 29. Bc4 Re5 30. Rf1 Rc8 31. Rdf2 Rc6 32.
Rd2 a5 33. Kg2 a4 34. bxa4 Kf8 35. Rd8+ Re8 36. Rxe8+ Kxe8 37. Bb5 Ke7 38. Bxc6 Ng8 39. Bd5 Nh6 40. c4 f5 41. Rb1 Kd6 42. Rxb6+ Kc7 43.
Rxg6 1-0

[Event "Early-Titled-Tuesday-Blitz-October-03-2023"]
[Site "Chess.com"]
[Date "2023.10.03"]
[Round "2"]
[White "Galileo22"]
[Black "LaPiToB"]
[Result "0-1"]
[WhiteElo "2659"]
[BlackElo "2295"]
[TimeControl "180+1"]
[EndTime "8:17:25 PDT"]
[Termination "LaPiToB won by checkmate"]

1. e4 c6 2. d3 d5 3. Nd2 dxe4 4. dxe4 Nf6 5. Ngf3 Bg4 6. h3 Bh5 7. Bd3 e6 8. O-O Bc5 9. e5 Nd5 10. Ne4 Be7 11. a3 Nd7 12. c4 N5b6 13. Bf4 O-O 14. Qe2 Qb8 15. g4 Bg6 16. Ng3 Rd8 17. Bxg6 hxg6 18. Kg2 Nc5 19. Rad1 Qc7 20. h4 a5 21. h5 gxh5 22. Nxh5 a4 23. Bg5 Rxd1 24. Rxd1 Rd8 25. Rh1 Bxg5 26. Nxg5 Rd4 27. Ng3 Nxc4 28.
Qc2 Nd3 29. Nf3 Qd7 30. Nxd4 Qxd4 31. Qc3 Qxf2+ 32. Kh3 Nf4+ 33. Kh4 Ng6+ 34. Kh3 Ncxe5 35. Qe1 Qf3 36. Qf1 Qxg4+ 37. Kh2 Nf3+ 38. Kg2 Nf4+ 39. Kf2 Ne5 40. Qe1 Qf3+ 41. Kg1 Qg2# 0-1

[Event "Early-Titled-Tuesday-Blitz-October-03-2023"]
[Site "Chess.com"]
[Date "2023.10.03"]
[Round "2"]
[White "Aariow"]
[Black "Goi_Manne"]
[Result "1-0"]
[WhiteElo "2509"]
[BlackElo "2277"]
[TimeControl "180+1"]
[EndTime "8:17:26 PDT"]
[Termination "Aariow won by checkmate"]

1. d4 d5 2. c4 e6 3. Nc3 Nf6 4.
Nf3 dxc4 5. e3 a6 6. a4 c5 7.
Bxc4 Be7 8. O-O Nc6 9. Qe2 cxd4 10. Rd1 e5 11. exd4 exd4 12. Nxd4 Nxd4 13. Qe3 O-O 14.
Rxd4 Qb6 15. a5 Qa7 16. Na4 Bc5 17. Nxc5 Qxc5 18. b4 Qa7 19. Bb2 Bf5 20. Qf4 Bg6 21.
Rd6 Ne8 22. Rb6 Rc8 23. Bd5 Rc2 24. Bd4 Nc7 25. Qe5 Ne8 26. Rxb7 Qa8 27. Rxf7 Bxf7 28. Bxa8 Nf6 29. Bf3 Bc4 30. Re1 Kh8 31. Qg3 Bb5 32. h4 h6 33. Qg6 Be8 34. Qxc2 Bb5 35. Bxf6 Rxf6 36. Qc8+ Kh7 37. Be4+ g6 38. Bxg6+ Kxg6 39. Qg8+ Kf5 40. g4+ Kf4 41. Qb8+ Kxg4 42. Qg3+ Kh5 43. Re5+ Rf5 44. Rxf5# 1-0

[Event "Early-Titled-Tuesday-Blitz-October-03-2023"]
[Site "Chess.com"]
[Date "2023.10.03"]
[Round "2"]
[White "Vision_64"]
[Black "Maxfan2008"]
[Result "0-1"]
[WhiteElo "2353"]
[BlackElo "2589"]
[TimeControl "180+1"]
[EndTime "8:17:28 PDT"]
[Termination "Maxfan2008 won by resignation"]

1. e4 c5 2. Nc3 d6 3. f4 g6 4. Nf3 Bg7 5. Bc4 Nc6 6. d3 e6 7. O-O Nge7 8. Qe1 a6 9. a3 b5 10.
Ba2 Bb7 11. Qh4 Qb6 12. Kh1 h6 13. f5 gxf5 14. Qh5 c4 15. dxc4 fxe4 16. Nxe4 Nd8 17. c5 dxc5 18. Nxc5 Bd5 19. Bxd5 Qxc5 20. Bf4 Qxd5 21.
Ne5 Nf5 22. Rad1 Qe4 23. Nd3 Nb7 24. Rde1 Qd5 25. Nb4 Ng3+ 26. Bxg3 Qxh5 27. Nc6 O-O 28. Ne7+ Kh8 29. Rd1 Nc5 30. b4 Rad8 31. bxc5 Rxd1 32. Rg1 Rxg1+ 33. Kxg1 Qd1+ 34. Kf2 Qxc2+ 35. Kf3 Qxc5 36.
Ng6+ fxg6+ 37. Ke2 Qc4+ 38. Kd2 Qc3+ 39. Ke2 Rc8 40. Kf2 Be5 41. Bxe5+ Qxe5 0-1

[Event "Early-Titled-Tuesday-Blitz-October-03-2023"]
[Site "Chess.com"]
[Date "2023.10.03"]
[Round "2"]
[White "Quattroporte300"]
[Black "ActorXu"]
[Result "0-1"]
[WhiteElo "2392"]
[BlackElo "2718"]
[TimeControl "180+1"]
[EndTime "8:17:29 PDT"]
[Termination "ActorXu won by resignation"]

1. e4 c5 2. Nf3 Nc6 3. c3 Nf6 4. e5 Nd5 5. d4 cxd4 6. Bc4 Nb6 7. Bb3 d6 8. exd6 Qxd6 9. Nxd4 Nxd4 10. Qxd4 Qxd4 11.
cxd4 e6 12. Nc3 Bb4 13. a3 Bxc3+ 14. bxc3 Bd7 15. Bf4 Rc8 16. Kd2 Bc6 17. f3 Bd5 18. Rab1 Bxb3 19. Rxb3 O-O 20. Rhb1 Rfd8 21. Ke2 Nd5 22.
Bd2 b6 23. Rc1 Rc4 24. g3 Rdc8 25. Be1 Rxd4 26. Rd1 Rxd1 27. Kxd1 Ne3+ 28. Ke2 Nc4 29. Kd3 e5 30. a4 f6 31. Rb5 Kf7 32. Bf2 Ke6 33. h3 Na5 34. g4 Rd8+ 35. Kc2 Rd5 36.
Rb1 Nc4 37. Rd1 Rxd1 38. Kxd1 Nb2+ 39. Kc2 Nxa4 40. Kb3 Nc5+ 41. Kc4 Kd6 42. Kb5 g6 43. Be3 f5 44. gxf5 gxf5 45. Bh6 Kc7 46. Bg7 e4 47. fxe4 fxe4 48. Be5+ Kb7 49. Bf4 a6+ 50. Kc4 Kc6 51. Kd4 a5 52. c4 a4 53. Bc1 Nb3+ 0-1

[Event "Early-Titled-Tuesday-Blitz-October-03-2023"]
[Site "Chess.com"]
[Date "2023.10.03"]
[Round "2"]
[White "bazar-wokzal"]
[Black "Jojo_898"]
[Result "0-1"]
[WhiteElo "2627"]
[BlackElo "2383"]
[TimeControl "180+1"]
[EndTime "8:17:29 PDT"]
[Termination "Jojo_898 won by resignation"]

1. e4 d6 2. f4 Nf6 3. Nc3 c6 4.
Nf3 b5 5. e5 dxe5 6. fxe5 Nd5 7. Ne4 g6 8. d4 Bg7 9. Be2 O-O 10. O-O f6 11. a4 bxa4 12. c4 Nb6 13. Be3 Be6 14. Qc1 N8d7 15. Nc5 Nxc5 16. dxc5 Nd7 17.
Rxa4 Nxe5 18. Nxe5 fxe5 19. Rxf8+ Qxf8 20. Bf3 Qc8 21.
b4 Bg4 22. Be4 Bf5 23. Qc2 Bxe4 24. Qxe4 Qf5 25. Qxf5 gxf5 26. b5 Kf7 27. b6 a6 28.
Bc1 Ke6 29. Rxa6 Rd8 30. b7 Rb8 31. Rxc6+ Kd7 32. Rb6 Kc7 33. Bb2 Rxb7 34. Rxb7+ Kxb7 35. g4 fxg4 36. Kg2 h5 37. Kg3 Bf6 38. Ba3 Kc6 39. h3 gxh3 40. Kxh3 e4 41. Kg3 Bg5 42. Bb4 Be3 43.
Kh3 Bxc5 44. Bc3 Be3 45. Kh4 Bf2+ 46. Kxh5 e3 47. Bd4 Bg1 48. Kg4 e2 49. Bxg1 e1=Q 50. Bh2 Qe2+ 51. Kh3 Qxc4 52. Bg3 Qd3 53. Kg2 Kd5 54.
Kh1 Ke4 55. Bf2 Qe2 56. Bg3 Kf3 0-1

[Event "Early-Titled-Tuesday-Blitz-October-03-2023"]
[Site "Chess.com"]
[Date "2023.10.03"]
[Round "2"]
[White "curradogianfigliazzi"]
[Black "Mr_ruthless"]
[Result "0-1"]
[WhiteElo "2248"]
[BlackElo "2480"]
[TimeControl "180+1"]
[EndTime "8:17:29 PDT"]
[Termination "Mr_ruthless won by resignation"]

1. e4 e5 2. Nf3 Nc6 3. Bb5 a6 4. Ba4 Nf6 5. d3 d6 6. O-O g6 7. c4 Bg7 8. h3 O-O 9. Nc3 Nd7 10.
a3 Nc5 11. Bc2 Ne6 12. b4 a5 13. b5 Ncd4 14. Nxd4 Nxd4 15. f4 exf4 16. Bxf4 f5 17.
Rc1 Kh8 18. exf5 Bxf5 19. Nd5 Be6 20. Qd2 Bxd5 21. cxd5 Qh4 22. Bd1 Nxb5 23. Bg4 h5 24.
Be6 Rae8 25. Kh1 a4 26. Rc4 Qf6 27. Re1 Nxa3 28. Rxa4 Nb5 29. Bg5 Qc3 30. Qe2 Nd4 31. Qe4 Nxe6 32. dxe6 d5 33. Qe2 Bf6 34. Bxf6+ Qxf6 35. e7 Rf7 36. Ra7 Rfxe7 0-1

[Event "Early-Titled-Tuesday-Blitz-October-03-2023"]
[Site "Chess.com"]
[Date "2023.10.03"]
[Round "2"]
[White "TregubovP"]
[Black "Murad_Ibrahimli"]
[Result "0-1"]
[WhiteElo "2611"]
[BlackElo "2926"]
[TimeControl "180+1"]
[EndTime "8:17:30 PDT"]
[Termination "Murad_Ibrahimli won on time"]

1. e4 e5 2. Nf3 Nc6 3. Bc4 Bc5 4. d3 Nf6 5. Nc3 h6 6. h3 d6 7. Na4 Bb6 8. a3 Be6 9. Bxe6 fxe6 10.
O-O O-O 11. b4 Qe8 12. c3 Nh5 13. Nxb6 axb6 14. a4 Qg6 15. Kh2 Nf4 16. g3 Nh5 17. Be3 Nf6 18. Kg2 Kh7 19. b5 Ne7 20. Re1 Nd7 21. Ra2 Ng8 22. d4 exd4 23. cxd4 Qxe4 24.
Ra3 Qd5 25. Bf4 g5 26. Bc1 Kg7 27. Kg1 Rf7 28. Nh2 Raf8 29. Be3 Ngf6 30. Rc3 c6 31.
bxc6 bxc6 32. Qc1 Ne4 33. Rc2 c5 34. dxc5 bxc5 35. Rd1 Qf5 36. Re2 Ne5 37. Qb1 d5 38.
Qb2 Kg8 39. Kg2 Nc4 40. Qc1 Nxe3+ 41. Qxe3 h5 42. g4 hxg4 43. Nxg4 Qf3+ 44. Qxf3 Rxf3 45.
Rc2 Ra3 46. Re2 c4 47. Re3 Rxe3 48. fxe3 Ra8 49. Ra1 Ra5 50. Ne5 Nc5 0-1

[Event "Early-Titled-Tuesday-Blitz-October-03-2023"]
[Site "Chess.com"]
[Date "2023.10.03"]
[Round "2"]
[White "mmDarko"]
[Black "TokChess"]
[Result "0-1"]
[WhiteElo "2303"]
[BlackElo "2512"]
[TimeControl "180+1"]
[EndTime "8:17:30 PDT"]
[Termination "TokChess won on time"]

1. d4 d5 2. Nf3 c6 3. g3 Bg4 4.
Bg2 Nd7 5. O-O e6 6. Nbd2 Ngf6 7. b3 a5 8. a4 Bb4 9. Ba3 Bxa3 10.
Rxa3 Qe7 11. Ra2 O-O 12. h3 Bh5 13. Qa1 Rfe8 14. g4 Bg6 15. Ne5 Nxe5 16. dxe5 Ne4 17. c3 h5 18. Nf3 hxg4 19. hxg4 Qc5 20. Nh4 Bh7 21. e3 b5 22. axb5 cxb5 23. b4 Qxc3 24. Bxe4 Qxb4 25. Bxh7+ Kxh7 26. Qb1+ g6 27. Qxb4 axb4 28.
Rb2 Ra4 29. Rfb1 b3 30. f3 g5 31. Ng2 d4 32. exd4 Rd8 33. Rxb3 Rdxd4 34. Rxb5 Ra2 35. R5b2 Ra3 36. Rb3 Ra5 37. Rb4 Rd3 38. R4b3 Rd2 39. R3b2 Rdd5 40. Rb4 Rxe5 41. Rf1 Ra2 0-1

[Event "Early-Titled-Tuesday-Blitz-October-03-2023"]
[Site "Chess.com"]
[Date "2023.10.03"]
[Round "2"]
[White "dropstoneDP"]
[Black "profedechess93"]
[Result "1-0"]
[WhiteElo "3121"]
[BlackElo "2652"]
[TimeControl "180+1"]
[EndTime "8:17:31 PDT"]
[Termination "dropstoneDP won by resignation"]

1. e4 e6 2. d4 d5 3. Nc3 Nf6 4. e5 Nfd7 5. f4 c5 6. Nf3 Nc6 7. Be3 a6 8. a3 b5 9. Be2 Qb6 10.
Qd2 cxd4 11. Nxd4 Bc5 12. Rd1 O-O 13. O-O f6 14. exf6 Nxf6 15. b4 Bxd4 16. Bxd4 Qxd4+ 17. Qxd4 Nxd4 18. Rxd4 Bd7 19. Bd3 g6 20. Nb1 Rac8 21.
Nd2 Rc3 22. Nb3 Rfc8 23. Ra1 Rxb3 24. cxb3 Rc3 25. Rb1 Ne8 26. Rb2 Nd6 27. Bc2 Kf7 28. Rd3 Rc7 29. Rd2 Rc3 30. Kf2 Kf6 31. g3 Bc6 32.
Rd3 Ne4+ 33. Ke3 e5 34. Rxc3 d4+ 35. Kd3 Nxc3 36. fxe5+ Kxe5 37. Kd2 Bf3 38. a4 Kd5 39. Bd3 Ke5 40. Rc2 Kd5 41. Rxc3 dxc3+ 42. Kxc3 Kc6 43.
Kd4 Bd1 44. Be4+ Kc7 45. a5 Bxb3 46. Ke5 Bg8 47. Kf6 Kd6 48. Bb7 Bc4 49. Bxa6 Kc6 50.
Bc8 Kc7 51. Be6 Bd3 52. g4 Kd6 53. g5 1-0

[Event "Early-Titled-Tuesday-Blitz-October-03-2023"]
[Site "Chess.com"]
[Date "2023.10.03"]
[Round "2"]
[White "Herzog2012"]
[Black "Trovita84"]
[Result "1-0"]
[WhiteElo "2520"]
[BlackElo "2318"]
[TimeControl "180+1"]
[EndTime "8:17:31 PDT"]
[Termination "Herzog2012 won on time"]

1. e4 e5 2. Nf3 Nf6 3. Nxe5 d6 4.
Nf3 Nxe4 5. c4 Be7 6. Nc3 Nxc3 7.
dxc3 O-O 8. Bd3 Bf6 9. O-O Nc6 10.
Bf4 Be6 11. Qc2 g6 12. b3 Re8 13. Rad1 a5 14. h3 Qc8 15. Kh2 Ne5 16. Bxe5 dxe5 17. Rfe1 c6 18. Qe2 Qc7 19. Kh1 Re7 20. Qe3 Kg7 21. Ng5 Bf5 22. Bxf5 gxf5 23. Qg3 Kh8 24. Qh4 Bxg5 25. Qxg5 f4 26. Qf6+ Kg8 27. Qg5+ Kh8 28. Qf6+ Kg8 29. Rd6 Rae8 30. c5 Re6 31. Qg5+ Rg6 32. Rxg6+ hxg6 33. Rd1 Qe7 34. Qxe7 Rxe7 35. Rd8+ Kg7 36. Kg1 e4 37. Kf1 Re5 38. b4 axb4 39.
cxb4 Rd5 40. Rxd5 cxd5 41. b5 Kf8 42. c6 bxc6 43. b6 Ke7 44. b7 1-0

[Event "Early-Titled-Tuesday-Blitz-October-03-2023"]
[Site "Chess.com"]
[Date "2023.10.03"]
[Round "2"]
[White "szachuspl"]
[Black "IsuruAlahakoon"]
[Result "1-0"]
[WhiteElo "2509"]
[BlackElo "2292"]
[TimeControl "180+1"]
[EndTime "8:17:31 PDT"]
[Termination "szachuspl won on time"]

1. d4 d5 2. c4 e6 3. Nc3 Nf6 4. Nf3 c6 5. Bg5 Nbd7 6. e3 Qa5 7. Nd2 Ne4 8. Ndxe4 dxe4 9. Bh4 Bb4 10. Qc2 O-O 11.
Be2 e5 12. O-O exd4 13. exd4 f5 14. a3 Bxc3 15. bxc3 Nf6 16. f3 Be6 17. Bxf6 exf3 18. Be7 fxe2 19. Qxe2 Bf7 20. Bxf8 Rxf8 21. Qd3 g6 22. c5 Qa4 23. Rfe1 Bd5 24. Re7 f4 25. Rf1 Qxa3 26. Qd2 g5 27. Qc2 Rf7 28. Rxf7 Bxf7 29. g3 Bc4 30. Rf2 Qa1+ 31. Kg2 Bd5+ 32. Kh3 Be6+ 33.
g4 Qe1 34. Qe2 Qxe2 35. Rxe2 Kf7 36. Re5 h6 37. Re1 h5 38. Kg2 hxg4 39. Rb1 Bd5+ 40.
Kf2 a5 41. Rxb7+ Ke6 42. Ra7 Kf5 43. Rxa5 Ke4 44. Ra1 Kd3 45. Rg1 g3+ 46. hxg3 f3 47.
g4 Kxc3 48. Ke3 f2 49. Rf1 Be6 50. Rxf2 Bxg4 51. Rg2 Be6 52. Rxg5 1-0

[Event "Early-Titled-Tuesday-Blitz-October-03-2023"]
[Site "Chess.com"]
[Date "2023.10.03"]
[Round "2"]
[White "Roedor"]
[Black "kingapolak"]
[Result "1-0"]
[WhiteElo "2398"]
[BlackElo "1735"]
[TimeControl "180+1"]
[EndTime "8:17:31 PDT"]
[Termination "Roedor won on time"]

1. d4 d5 2. c4 e6 3. Nf3 Nf6 4. g3 Bb4+ 5. Nbd2 O-O 6. Bg2 Ne4 7. O-O Bxd2 8. Bxd2 c6 9. Bf4 f5 10. Qc2 Nd7 11.
b4 g5 12. Bc1 Qf6 13. Bb2 g4 14. Ne5 Nxe5 15. dxe5 Qg6 16. b5 Bd7 17. a4 Rac8 18. f3 gxf3 19. exf3 Ng5 20. Qb3 cxb5 21. cxb5 f4 22. Bd4 b6 23. a5 Rc4 24. Bf2 fxg3 25.
hxg3 bxa5 26. Rxa5 Rfc8 27. Rxa7 Rc3 28. Qb1 Bxb5 29.
Qxb5 Nxf3+ 30. Bxf3 Rxf3 31. Kg2 Qe4 32. Kh2 Rcf8 33. Ra2 Qg4 34. Qe2 Qh5+ 35. Kg2 Qg4 36. Rd2 R8f7 37. Rd3 1-0

[Event "Early-Titled-Tuesday-Blitz-October-03-2023"]
[Site "Chess.com"]
[Date "2023.10.03"]
[Round "2"]
[White "Kostya0705"]
[Black "Indianlad"]
[Result "0-1"]
[WhiteElo "2635"]
[BlackElo "3034"]
[TimeControl "180+1"]
[EndTime "8:17:33 PDT"]
[Termination "Indianlad won on time"]

1. e4 c6 2. d4 Na6 3. Nf3 g6 4. h4 h6 5. Nc3 d6 6. Be3 Bg7 7. Qd2 Nf6 8. a4 Nb4 9. Be2 a5 10.
O-O-O b5 11. axb5 cxb5 12. Bxb5+ Bd7 13. e5 Nfd5 14. Bxd7+ Qxd7 15. Nxd5 Nxd5 16. Kb1 Qb7 17. Rhe1 O-O 18. c4 Nb6 19. Rc1 Rfc8 20. Qd3 Rab8 21. Re2 dxe5 22. dxe5 Na4 23. Qa3 Qe4+ 24. Ka2 Rxc4 25.
Nd2 Qg4 26. Nxc4 Qxe2 27. Qxa4 Bxe5 28. Rc2 Qg4 29. f3 Qxh4 30. Nb6 Qf6 31. Nd7 Qe6+ 32. Kb1 Rxb2+ 33. Rxb2 Bxb2 34. Kxb2 Qxe3 35. Qc6 Qd2+ 36.
Kb3 Qb4+ 37. Kc2 Kg7 38. Qc3+ Qxc3+ 39. Kxc3 g5 40. Nb8 Kf6 41. Nc6 a4 42. g4 Ke6 43.
Kb4 Kd6 44. Nd4 e6 45. Kxa4 Ke5 46. Ne2 f5 47. Kb3 fxg4 48. fxg4 Ke4 49. Kc3 e5 50.
Ng3+ Kf4 51. Nf5 h5 52. Kd3 h4 53. Ke2 Kxg4 54. Ne3+ Kg3 55. Nf5+ Kf4 56. Ne3 g4 57. Ng2+ Kg3 58. Ne3 h3 59. Nf1+ Kf4 60. Kf2 e4 61. Kg1 e3 62. Nh2 e2 63. Kf2 g3+ 0-1

[Event "Early-Titled-Tuesday-Blitz-October-03-2023"]
[Site "Chess.com"]
[Date "2023.10.03"]
[Round "2"]
[White "KuzubovYuriy"]
[Black "Macron20hTF1"]
[Result "1-0"]
[WhiteElo "2933"]
[BlackElo "2613"]
[TimeControl "180+1"]
[EndTime "8:17:33 PDT"]
[Termination "KuzubovYuriy won by resignation"]

1. d4 d5 2. c4 e6 3. Nf3 Nf6 4. Nc3 c6 5. Bg5 h6 6. Bxf6 Qxf6 7. a3 Nd7 8. e4 dxe4 9. Nxe4 Qe7 10. c5 Qd8 11.
Ne5 Nf6 12. Nc3 Nd5 13. Qh5 g6 14. Qf3 Qf6 15. Nxd5 Qxf3 16. Nc7+ Kd8 17. gxf3 Kxc7 18. Nxf7 Rg8 19. Bd3 b6 20. cxb6+ axb6 21. Rc1 Ba6 22. Be4 Bb5 23. Ne5 Ra4 24. Bxc6 Bxc6 25. Nxc6 Kd6 26. Ke2 Bg7 27. Nb4 Bxd4 28. Rhd1 e5 29. f4 Re8 30. Rc6+ Kd7 31. Rxg6 Kc8 32. f5 Bxb2 33. Rc6+ Kb7 34. Rd7+ Ka8 35. f6 Bxa3 36. f7 Rf8 37. Nd5 Re4+ 38. Kf1 Bc5 39. Nxb6+ Bxb6 40. Rxb6 Rf4 41. Rbb7 e4 42. Ke2 Rf3 43. Re7 h5 44. Rbd7 h4 45. Re8+ 1-0